 Dungeon Crawl Stone Soup version 0.31-a0-112-gdf0485fa37 (webtiles) character file.

Game seed: 2924971701063289305

107839 NateTC the Severer (level 17, -5/139 (142) HPs)
             Began as a Formicid Fighter on May 29, 2023.
             Was the Champion of Cheibriados.
             Slain by a skeletal warrior
             ... wielding a +0 trident
             ... summoned by a boggart
             ... summoned by a boggart
              (20 damage)
             ... on level 15 of the Dungeon.
             The game lasted 00:59:52 (22015 turns).

NateTC the Severer (Formicid Fighter)              Turns: 22015, Time: 00:59:53

HP:   -5/139 (142)  AC: 10    Str: 43    XL:     17   Next: 3%
MP:   6/25          EV: 27    Int: 24    God:    Cheibriados [******]
Gold: 1981          SH: 21    Dex: 28    Spells: 16/16 levels left

rFire   . . .        b - +9 executioner's axe (distort)
rCold   + . .        y - +0 tower shield
rNeg    . . .        S - +4 scale mail "Deenig" {rC+ Regen+}
rPois   .            (helmet unavailable)
rElec   .            F - scarf {repulsion}
rCorr   .            G - +1 pair of gloves {infuse}
SInv    +            U - +2 pair of boots
Will    +....        j - amulet of magic regeneration
Stlth   +            E - ring of the Hare {EV+10}
HPRegen 1.23/turn    k - ring of flight
MPRegen 0.59/turn

%: repel missiles, infuse magic (1 MP)
@: corroded, flying, lightly drained, very slow
A: permanent stasis, dig shafts and tunnels, antennae 3, four strong arms
a: Dig, Shaft Self, Renounce Religion, Bend Time, Temporal Distortion, Slouch,
Step From Time


You were on level 15 of the Dungeon.
You worshipped Cheibriados.
Cheibriados was exalted by your worship.
You visited 6 branches of the dungeon, and saw 25 of its levels.
You also visited: Sewer.

You collected 2114 gold pieces.
You spent 133 gold pieces at shops.

Inventory:

Hand Weapons
 a - a +1 battleaxe of flaming
 b - a +9 executioner's axe of distortion (weapon)
Armour
 d - a +0 plate armour
 y - a +0 tower shield (worn)
 C - the +2 buckler of Zeseo {Will+}
   (You found it on level 5 of the Dungeon)

   Will:      It increases your willpower.
 F - a scarf of repulsion (worn)
 G - a +1 pair of gloves of infusion (worn)
 S - the +4 scale mail "Deenig" (worn) {rC+ Regen+}
   (You found it on level 3 of the Lair of Beasts)

   rC:        It protects you from cold.
   Regen:     It increases your rate of health regeneration.
 U - a +2 pair of boots (worn)
Jewellery
 j - an amulet of magic regeneration (around neck)
 k - a ring of flight (right hand)
 p - a +4 ring of slaying
 s - a ring of positive energy
 w - a +6 ring of strength
 x - a ring of magical power
 E - the ring of the Hare (left hand) {EV+10}
   (You found it on level 4 of the Lair of Beasts)

   [ring of evasion]

   EV:        It affects your evasion (+10).
 J - a ring of willpower
 K - a ring of poison resistance
 R - a ring of protection from cold
 V - an amulet of guardian spirit
Wands
 o - a wand of paralysis (10)
 D - a wand of mindburst (5)
 H - a wand of polymorph (8)
 I - a wand of flame (6)
 N - a wand of digging (4)
 P - a wand of light (6)
 T - a wand of roots (8)
Scrolls
 v - 2 scrolls of fear
 z - 5 scrolls of fog
 A - 3 scrolls of magic mapping
 M - a scroll of butterflies
 O - 2 scrolls of silence
 W - 2 scrolls of enchant weapon
Potions
 e - 13 potions of curing
 f - 4 potions of enlightenment
 g - 6 potions of haste
 h - 4 potions of berserk rage
 i - 4 potions of ambrosia
 l - 7 potions of cancellation
 m - 2 potions of attraction
 n - 2 potions of lignification
 q - 2 potions of mutation
 r - a potion of resistance
 t - 6 potions of might
 u - 2 potions of brilliance
 B - 3 potions of magic
 Q - a potion of invisibility
Miscellaneous
 L - a phantom mirror
 X - a lightning rod (4/4)


   Skills:
 - Level 15.0 Fighting
 - Level 19.4 Axes
 - Level 9.9 Armour
 - Level 7.5 Dodging
 * Level 11.7 Shields
 - Level 11.8 Invocations


You had 16 spell levels left.
You didn't know any spells.
Your spell library contained the following spells:

 Spells                   Type           Power      Damage    Failure   Level
 Apportation              Tloc           0%         N/A       41%         1
 Shock                    Conj/Air       0%         1d3       41%         1
 Slow                     Hex            0%         N/A       41%         1
 Scorch                   Fire           0%         2d5       54%         2
 Confusing Touch          Hex            0%         N/A       78%         3
 Inner Flame              Hex/Fire       0%         N/A       78%         3
 Tukima's Dance           Hex            0%         N/A       78%         3
 Vampiric Draining        Necr           0%         2d6       78%         3
 Airstrike                Air            0%         2d(0-16)  99%         4
 Animate Armour           Summ/Erth      0%         N/A       99%         4
 Flame Wave               Conj/Fire      0%         2d4       99%         4
 Passage of Golubria      Tloc           0%         N/A       99%         4
 Sticky Flame             Conj/Fire      0%         2d3       99%         4
 Summon Lightning Spire   Summ/Air       0%         N/A       99%         4
 Alistair's Intoxication  Tmut/Pois      0%         N/A       100%        5
 Arcjolt                  Conj/Air       0%         1d10      100%        5
 Blade Hands              Tmut           0%         N/A       100%        5
 Fireball                 Conj/Fire      0%         3d3       100%        5
 Irradiate                Conj/Tmut      0%         3d11      100%        5
 Iskenderun's Battlesphe  Conj           0%         2d6       100%        5
 Yara's Violent Unravell  Hex/Tmut       0%         3d3       100%        5
 Conjure Ball Lightning   Conj/Air       0%         3x3d6     100%        6
 Leda's Unmaking          Conj/Erth      0%         9d1       100%        6
 Simulacrum               Ice/Necr       0%         N/A       100%        6
 Summon Cactus Giant      Summ           0%         N/A       100%        6
 Orb of Destruction       Conj           0%         9d5       100%        7
 Ozocubu's Refrigeration  Ice            0%         4d7       100%        7
 Spellforged Servitor     Conj/Summ      0%         N/A       100%        7
 Lehudib's Crystal Spear  Conj/Erth      0%         10d2      100%        8
 Maxwell's Capacitive Co  Air            0%         ∞         100%        8
 Polar Vortex             Ice            0%         N/A       100%        9
 Swiftness                Air            Unusable   N/A       N/A         3
 Vhi's Electric Charge    Tloc/Air       Unusable   N/A       N/A         3

Dungeon Overview and Level Annotations

Branches:
Dungeon (15/15) Zot: 39731  Temple (1/1) D:5 Zot: 8791    Lair (5/5) D:11 Zot: 34806
 Shoals (1/4) Lair:3 Zot: 8833  Spider (0/4) Lair:3        Slime (0/5) Lair:4
    Orc (2/2) D:9 Zot: 15882     Elf (1/3) Orc:2 Zot: 8695  Vaults (0/5) D:14
  Sewer (visited)
 Depths: D:15

Altars:
Ashenzari
Cheibriados
Dithmenos
Elyvilon
Fedhas
Gozag
Hepliaklqana
Kikubaaqudgha
Makhleb
Nemelex Xobeh
Okawaru
Qazlal
Ru
Sif Muna
Trog
Uskayaw
Vehumet
Wu Jian
Xom
Yredelemnul
Zin
The Shining One
Jiyva

Shops:
D:3 !   D:10 *   Orc:2 ?[(=

Annotations:
D:3 exclusion: oklob plant
D:15 3 runed translucent doors, Bekih's ghost, journeyman TeAE
Elf:1 3 runed translucent doors
Abyss:1 Sobieck's ghost, journeyman DECj


Innate Abilities, Weirdness & Mutations

You cannot be hasted, slowed, berserked, paralysed or teleported.
You can dig through walls and to a lower floor.
You have a pair of large antennae on your head. (SInv)
Your four strong arms can wield two-handed weapons with a shield.


Message History

You extend your mandibles.
You dig through the rock wall.
You feel drained.
The tengu warrior hits you with a +3 great mace!
* * * LOW HITPOINT WARNING * * *
The tengu warrior completely misses you.
You block the tengu warrior's attack.
You block the skeletal warrior's attack.
The eight-headed hydra bites you!
* * * LOW HITPOINT WARNING * * *
You block the eight-headed hydra's attack.
The eight-headed hydra completely misses you.
The eight-headed hydra bites you but does no damage.
The eight-headed hydra closely misses you.
You block the eight-headed hydra's attack. x2
The eight-headed hydra completely misses you.
You feel much better.
The tengu warrior completely misses you.
You block the tengu warrior's attack. x2; The skeletal warrior misses you.
The eight-headed hydra bites you.
* * * LOW HITPOINT WARNING * * *
The eight-headed hydra barely misses you.
You block the eight-headed hydra's attack.
The eight-headed hydra completely misses you.
The eight-headed hydra bites you!
* * * LOW HITPOINT WARNING * * *
The eight-headed hydra bites you but does no damage.
The eight-headed hydra misses you. The eight-headed hydra bites you!
* * * LOW HITPOINT WARNING * * *
Okay, then.
As you read the scroll of fear, it crumbles to dust.
You assume a fearsome visage.
The eight-headed hydra looks frightened!
The tengu warrior looks frightened!
The red ugly thing looks frightened!
The 12-headed hydra looks frightened!
The boggart looks frightened!
The skeletal warrior is unaffected. x3; The manticore looks frightened!
The red ugly thing looks frightened!
The boggart casts a spell.
The boggart blinks!
The skeletal warrior hits you from afar with a +0 trident!!
You die...

#.. ##.## ###.Q.###.
#..g...... .
####{#.{z###..^# ##.
#{{R{{u{.g{{{.... ..
....{{{{#uu#####.##.###.
####{####.u.............
#{ #@zQH...........#. {
##DzD.########.... {
#....########...(
#........... #... {
##....)...... #...
#............ ##..
#............ #..
#..########.. ##. #..##
. {##.


You could see a 12-headed hydra (summoned, fleeing), an eight-headed hydra
(summoned, fleeing), 2 ugly things, 2 skeletal warriors, a tengu warrior
(summoned, fleeing), a manticore (fleeing) and a boggart (summoned, invisible,
fleeing).

Vanquished Creatures
  Jorgrun (D:15)
  Gastronok (D:9)
  Kirke (Lair:4)
  Agnes (D:15)
  A frost giant (D:12)
  An orc warlord (Orc:2)
  Azrael (D:13)
  Snorg (Lair:3)
  2 merfolk impalers (Shoals:1)
  The ghost of pokeman the Eclecticist, a journeyman DEHW of Vehumet (D:12)
  3 vault guards (D:14)
  6 hydras
  Erolcha (D:13)
  2 boulder beetles
  Erica (Lair:2)
  2 catoblepae (Lair:5)
  3 centaur warriors
  A tengu warrior (D:14)
  A two-headed ogre (D:11)
  10 death yaks
  3 deep elf knights (Elf:1)
  4 orc high priests
  2 skysharks (Lair:4)
  Amaemon (Lair:2)
  A wizard (D:15)
  2 deep elf archers (Elf:1)
  A lindwurm (Lair:4)
  An orc knight (Orc:1)
  3 deep elf pyromancers (Elf:1)
  2 deep elf zephyrmancers (Elf:1)
  2 orc sorcerers
  8 cyclopes
  5 manticores
  12 ugly things
  2 merfolk sirens (Lair:3)
  6 black mambas
  9 elephants
  An orange demon (Lair:2)
  A gargoyle (D:12)
  10 cane toads
  Maggie (D:6)
  9 komodo dragons
  2 efreet
  2 rime drakes
  A yaktaur (D:12)
  A tengu conjurer (D:13)
  7 trolls
  4 hornets
  4 merfolk
  Prince Ribbit (D:6)
  2 polar bears
  6 blink frogs
  A dream sheep (Lair:4)
  20 slime creatures
  2 wyverns
  8 humans (D:14)
  A vampire (D:11)
  80 yaks
  4 hogs (Lair:4)
  A basilisk (D:13)
  2 steam dragons
  3 fire elementals (D:13)
  3 wargs
  10 vampire mosquitoes
  An acid dragon (D:14)
  20 water moccasins
  3 hell hounds (D:13)
  Duvessa (D:6)
  34 orc warriors
  2 black bears
  An ice beast (D:5)
  17 wolves
  7 centaurs
  2 boggarts (D:15)
  7 ogres
  A gnoll sergeant (D:9)
  6 kobold brigands
  11 bullfrogs
  7 scorpions
  9 wights
  Dowan (D:6)
  13 killer bees
  6 howler monkeys
  5 electric eels
  8 hounds
  3 jellies (Lair:4)
  19 orc priests
  3 gnoll boudas
  Jessica (D:2)
  2 iguanas (D:5)
  26 orc wizards
  Robin (D:3)
  20 gnolls
  7 adders
  2 white imps
  4 ufetubi
  2 worms
  2 dart slugs
  90 orcs
  4 ball pythons
  10 endoplasms
  12 giant cockroaches
  12 goblins
  6 hobgoblins
  34 kobolds
  5 quokkas
  8 bats
  7 frilled lizards
  4 rats
738 creatures vanquished.

Vanquished Creatures (others)
  A human (Lair:4)
1 creature vanquished.

Grand Total: 739 creatures vanquished

Notes
Turn   | Place    | Note
-------+----------+-------------------------------------------
     0 | D:1      | NateTC the Formicid Fighter began the quest for the Orb.
     0 | D:1      | Reached XP level 1. HP: 18/18 MP: 1/1
   320 | D:1      | Reached XP level 2. HP: 20/24 MP: 2/2
   790 | D:1      | Reached XP level 3. HP: 23/30 MP: 3/3
  1018 | D:2      | Found a faded altar of an unknown god.
  1021 | D:2      | Prayed at the altar of an unknown god.
  1021 | D:2      | Became a worshipper of Cheibriados the Contemplative
  1021 | D:2      | Reached * piety under Cheibriados
  1035 | D:2      | Reached skill level 3 in Axes
  1052 | D:2      | Found an ancient bone altar of Kikubaaqudgha.
  1156 | D:2      | Noticed Jessica
  1161 | D:2      | Killed Jessica
  1162 | D:2      | Reached XP level 4. HP: 29/37 MP: 4/4
  1489 | D:2      | Identified the +0 robe of Awe {rElec Int+4}
  1800 | D:3      | Reached ** piety under Cheibriados
  2045 | D:3      | Noticed Robin
  2049 | D:3      | Reached skill level 4 in Axes
  2053 | D:3      | Reached XP level 5. HP: 18/42 MP: 5/5
  2055 | D:3      | Killed Robin
  2231 | D:3      | Found Peadwawn's Distillery.
  2497 | D:3      | Found a blossoming altar of Fedhas.
  2515 | D:3      | Noticed an oklob plant
  2803 | D:4      | Reached *** piety under Cheibriados
  2855 | D:4      | Reached XP level 6. HP: 49/49 MP: 6/6
  2974 | D:4      | Found a shadowy altar of Dithmenos.
  3015 | D:4      | Reached skill level 5 in Axes
  3317 | D:5      | Entered Level 5 of the Dungeon
  3355 | D:5      | Reached skill level 1 in Invocations
  3362 | D:5      | Reached XP level 7. HP: 42/55 MP: 6/8
  3377 | D:5      | Reached skill level 6 in Axes
  3485 | D:5      | Reached **** piety under Cheibriados
  3611 | D:5      | Found an iron altar of Okawaru.
  3612 | D:5      | Identified the +5 falchion "Urigial" {vamp, rCorr Int+3}
  3935 | D:5      | Identified the +2 buckler of Zeseo {Will+}
  3955 | D:5      | Found a staircase to the Ecumenical Temple.
  4087 | D:5      | Reached skill level 7 in Axes
  4087 | D:5      | Reached XP level 8. HP: 58/61 MP: 10/10
  4140 | Temple   | Entered the Ecumenical Temple
  4576 | D:6      | Noticed Dowan
  4578 | D:6      | Noticed Duvessa
  4584 | D:6      | Killed Dowan
  4585 | D:6      | Killed Duvessa
  4595 | D:6      | Reached skill level 8 in Axes
  4638 | D:6      | Reached skill level 9 in Axes
  4670 | D:6      | Found a hazy altar of Hepliaklqana.
  4695 | D:6      | Noticed Prince Ribbit
  4707 | D:6      | Killed Prince Ribbit
  4708 | D:6      | Reached XP level 9. HP: 24/66 MP: 11/11
  4844 | D:6      | Found a glowing drain.
  4849 | D:6      | Reached ***** piety under Cheibriados
  4860 | Sewer    | Entered a sewer
  5048 | Sewer    | Reached skill level 10 in Axes
  5298 | D:6      | Reached skill level 5 in Fighting
  5432 | D:6      | Noticed Maggie
  5437 | D:6      | Killed Maggie
  6137 | D:7      | Reached skill level 5 in Armour
  6305 | D:7      | Reached XP level 10. HP: 60/80 MP: 12/12
  6682 | D:7      | Reached skill level 5 in Invocations
  6938 | D:7      | Found a stormy altar of Qazlal.
  6938 | D:7      | Found a glowing silver altar of Zin.
  7681 | D:8      | Found a snail-covered altar of Cheibriados.
  7682 | D:8      | Found an ancient bone altar of Kikubaaqudgha.
  7693 | D:8      | Reached ****** piety under Cheibriados
  8269 | D:8      | Reached skill level 10 in Fighting
  8380 | D:9      | Noticed Gastronok
  8394 | D:9      | Killed Gastronok
  8395 | D:9      | Reached skill level 11 in Axes
  8395 | D:9      | Reached XP level 11. HP: 71/90 MP: 1/16
  8524 | D:9      | Found a staircase to the Orcish Mines.
  8896 | D:9      | Reached skill level 12 in Axes
  9301 | D:10     | Entered Level 10 of the Dungeon
  9564 | D:10     | HP: 2/90 [electric eel/bolt of electricity (8)]
 10247 | D:10     | Found Tadghieka's Overcharged Wands.
 10718 | D:11     | Noticed a cyclops
 10728 | D:11     | Killed a cyclops
 10729 | D:11     | Reached skill level 13 in Axes
 10799 | D:11     | Found a staircase to the Lair.
 10891 | D:11     | Noticed a two-headed ogre
 10893 | D:11     | Killed a two-headed ogre
 11012 | D:11     | Noticed a cyclops
 11018 | D:11     | Killed a cyclops
 11344 | D:11     | Reached skill level 14 in Axes
 11532 | Lair:1   | Entered Level 1 of the Lair of Beasts
 11539 | Lair:1   | Reached XP level 12. HP: 96/97 MP: 13/17
 11582 | Lair:1   | Reached skill level 15 in Axes
 11587 | Lair:1   | Noticed a death yak
 11589 | Lair:1   | Killed a death yak
 12837 | Lair:2   | Identified a scroll of acquirement
 12929 | Lair:2   | Reached skill level 16 in Axes
 12964 | Lair:2   | Noticed Erica
 12976 | Lair:2   | Killed Erica
 13002 | Lair:2   | Noticed Amaemon
 13012 | Lair:2   | Killed Amaemon
 13598 | Lair:3   | Noticed Snorg
 13616 | Lair:3   | Killed Snorg
 13617 | Lair:3   | Reached XP level 13. HP: 24/103 MP: 17/19
 13767 | Lair:3   | Found a hole to the Spider Nest.
 13841 | Lair:3   | Acquired a +6 executioner's axe of distortion
 13933 | Lair:3   | Reached skill level 17 in Axes
 13937 | Lair:3   | Found a staircase to the Shoals.
 14455 | Lair:3   | Reached skill level 10 in Invocations
 14575 | Lair:3   | Identified the +4 scale mail "Deenig" {rC+ Regen+}
 14701 | Lair:3   | Identified the +0 ring mail of Articulation {Str+3}
 15055 | Lair:4   | Noticed Kirke
 15061 | Lair:4   | Killed Kirke
 15084 | Lair:4   | Noticed a five-headed hydra
 15088 | Lair:4   | Killed a seven-headed hydra
 15102 | Lair:4   | Noticed a four-headed hydra
 15113 | Lair:4   | Banished a six-headed hydra
 15181 | Lair:4   | Noticed a five-headed hydra
 15191 | Lair:4   | Killed a ten-headed hydra
 15212 | Lair:4   | Reached XP level 14. HP: 82/115 MP: 20/22
 15249 | Lair:4   | Reached skill level 1 in Dodging
 15421 | Lair:4   | Found a viscous altar of Jiyva.
 15488 | Lair:4   | Found the +4 skin of Zhor {*Englaciate rC+++ SInv}
 15514 | Lair:4   | Found a staircase to the Slime Pits.
 15983 | Lair:4   | Reached skill level 5 in Dodging
 16001 | Lair:4   | Found the ring of the Hare {EV+10}
 16099 | Lair:5   | Entered Level 5 of the Lair of Beasts
 16845 | Lair:5   | Reached XP level 15. HP: 99/125 MP: 7/23
 17028 | Lair:5   | Got Nuhaiv's Precepts of Creative Battling
 17517 | Shoals:1 | Entered Level 1 of the Shoals
 17563 | Shoals:1 | Reached skill level 15 in Fighting
 18051 | D:12     | Found a runed translucent gate.
 18051 | D:12     | Noticed pokeman's ghost (journeyman DEHW)
 18065 | D:12     | Found a runed translucent gate.
 18067 | D:12     | Found a runed translucent gate.
 18067 | D:12     | Noticed a frost giant
 18249 | D:12     | Reached skill level 18 in Axes
 18361 | D:12     | Killed a frost giant
 18366 | D:12     | Killed pokeman's ghost
 18472 | Orc:1    | Entered Level 1 of the Orcish Mines
 18653 | Orc:1    | Found a transporter.
 18656 | Orc:1    | Noticed Sobieck's ghost (journeyman DECj)
 18662 | Orc:1    | Found a transporter.
 18867 | Orc:1    | Banished Sobieck's ghost
 18918 | Orc:2    | Entered Level 2 of the Orcish Mines
 18941 | Orc:2    | Found Vomink's Jewellery Shop.
 19057 | Orc:2    | Reached skill level 19 in Axes
 19074 | Orc:2    | Noticed an orc warlord
 19090 | Orc:2    | Killed an orc warlord
 19136 | Orc:2    | Found Jevvaum's Antique Weapon Emporium.
 19139 | Orc:2    | Found Kosiux's Antique Armour Shoppe.
 19400 | Orc:2    | Found a staircase to the Elven Halls.
 19561 | Orc:2    | Found Puse's Magic Scroll Shop.
 19573 | Orc:2    | Reached XP level 16. HP: 136/136 MP: 14/24
 19602 | Orc:2    | Bought a scroll of identify for 28 gold pieces
 19602 | Orc:2    | Bought a scroll of enchant weapon for 105 gold pieces
 19622 | Elf:1    | Entered Level 1 of the Elven Halls
 19622 | Elf:1    | Noticed a deep elf sorcerer
 19622 | Elf:1    | Noticed a deep elf sorcerer
 19622 | Elf:1    | Found a runed translucent gate.
 19622 | Elf:1    | Found a runed translucent gate.
 19622 | Elf:1    | Found a runed translucent gate.
 19622 | Elf:1    | Found a runed translucent gate.
 19622 | Elf:1    | Found a runed translucent gate.
 19622 | Elf:1    | Found a runed translucent gate.
 19623 | Elf:1    | Found a runed translucent door.
 19693 | Elf:1    | Reached skill level 5 in Shields
 20038 | D:13     | Noticed Azrael
 20054 | D:13     | Killed Azrael
 20217 | D:13     | Noticed Erolcha
 20221 | D:13     | Killed Erolcha
 20776 | D:14     | Found a sparkling altar of Nemelex Xobeh.
 20853 | D:14     | Found a gate to the Vaults.
 21491 | D:15     | Entered Level 15 of the Dungeon
 21493 | D:15     | Noticed Agnes
 21495 | D:15     | Killed Agnes
 21571 | D:15     | Noticed Jorgrun
 21584 | D:15     | Killed Jorgrun
 21585 | D:15     | Reached skill level 10 in Shields
 21793 | D:15     | Identified the staff of conjuration "Tahogyshoo" {Str+3}
 21793 | D:15     | Noticed Bekih's ghost (journeyman TeAE)
 21795 | D:15     | Found a runed translucent gate.
 21795 | D:15     | Found a runed translucent gate.
 21795 | D:15     | Found a runed translucent gate.
 21974 | D:15     | Reached XP level 17. HP: 95/142 MP: 19/25
 22015 | D:15     | Slain by a skeletal warrior

Illustrated notes

Levels and vault maps discovered:
D:1:      spicycebolla_green_bress_n_ham_2, layout_loops_corners, serial_bayou,
          serial_bayou_pond_c, serial_bayou_crossing, serial_bayou_lagoon_b,
          serial_bayou_pond_c, corexii_hall_statues_l
D:2:      minmay_wonky_spiral, layout_loops_ring, nicolae_ecumenical_pavilion,
          basic_altar, uniq_jessica
D:3:      layout_loops_ring, tgw_fedhas, serial_shops, shop,
          kennysheep_generic_room_6, uniq_robin
D:4:      layout_basic, mainiacjoe_overflow_chevrons, minmay_misc_feat_encased
D:5:      layout_loops_ring, okawaru_ov_weapons_minmay,
          minmay_temple_entry_wispy
D:6:      layout_basic, lemuel_round_altar, portal_sewer_entry_a,
          mrwooster_statue_mirror, nicolae_fountain_basement, uniq_duvessa,
          uniq_maggie, uniq_prince_ribbit1
D:7:      layout_loops_ring, gammafunk_temple_overflow_wave, eino_jars
D:8:      layout_loops_corners, grunt_temple_overflow_open
D:9:      layout_long_grid, orc_0_dummy, kennysheep_dice, uniq_gastronok
D:10:     layout_basic, grunt_decor_cap, nicolae_shop_overcharged_wands
D:11:     layout_small_grid, lair_entry_dummy, serial_park_tiny_1
D:12:     layout_irregular_city, gammafunk_ghost_split, serial_bayou_lagoon_a,
          serial_bayou_pond_d, drop_trap
D:13:     layout_basic, uniq_azrael, uniq_erolcha, uniq_nessos
D:14:     layout_loops_corners, ximxim_vaults_locker_room,
          nemelex_diamond_rough_becter
D:15:     gammafunk_enter_depths_forms, layout_loops_ring, nicolae_two_hexagons,
          special_room [special_room_orc], gammafunk_ghost_split, uniq_agnes,
          uniq_jorgrun
Temple:   eino_temple_water
Lair:1:   layout_hall_layers, st_stairs_11, dreamdust_mushroom_princess,
          grunt_megastairs_2
Lair:2:   layout_cave_pods, uniq_amaemon, uniq_erica
Lair:3:   layout_long_grid, elwin_shoals_entry_stream,
          nicolae_spider_entry_non_spiders, enter_volcano_1,
          eino_small_chamber_without_monster, uniq_snorg
Lair:4:   cheibrodos_lair_river_kwai, layout_gridlike,
          minmay_slime_entry_pillars, chequers_serial_rivers_large_a,
          hangedman_lair_generics_rect, uniq_kirke
Lair:5:   evilmike_catoblepas_cave, layout_small_grid
Shoals:1: layout_shoals, nzn_prometheus_bound
Orc:1:    layout_caves, gammafunk_ghost_arena
Orc:2:    grunt_orc_community_town_hall, layout_caves,
          grunt_orc_community_big_house_1, grunt_orc_community_big_house_1,
          grunt_orc_community_house_3, grunt_orc_community_house_1,
          grunt_orc_community_house_3, grunt_orc_community_house_2,
          gauntlet_entry_generic, basic_altar
Elf:1:    nicolae_elf_arrival_dilemma, layout_geoelf_grid, basic_altar,
          minivault_28, grunt_megastairs_1, uniq_asterion

Skill      XL: |  1  2  3  4  5  6  7  8  9 10 11 12 13 14 15 16 |
---------------+-------------------------------------------------+-----
Axes           | 3 4 5 7 9 10 11 14 16 17 19 | 19.4
Fighting       | 4 7 10 12 13 15 | 15.0
Invocations    | 1 3 7 8 11 | 11.8
Armour         | 5 6 9 |  9.9
Dodging        | 7 |  7.5
Shields        | 11 | 11.7

Action                     |  1- 3 |  4- 6 |  7- 9 | 10-12 | 13-15 | 16-18 || total
---------------------------+-------+-------+-------+-------+-------+-------++-------
  Melee: War axe           |    47 |    91 |   176 |   142 |       |       ||   456
         Battleaxe         |       |       |       |   159 |    30 |       ||   189
         Executioner's axe |       |       |       |       |   482 |   193 ||   675
Ability: Dig               |     1 |     3 |       |     2 |     2 |     2 ||    10
    Use: Scroll            |     4 |     6 |     3 |    13 |     8 |     5 ||    39
         Potion            |       |     1 |       |       |     2 |     3 ||     6
   Stab: Petrifying        |       |       |       |       |     1 |       ||     1
         Petrified         |       |       |       |       |     2 |       ||     2
 Armour: Scale mail        |    24 |    20 |       |       |   136 |    34 ||   214
         Plate armour      |       |    22 |    93 |   141 |    11 |       ||   267
  Dodge: Dodged            |    22 |    37 |   131 |   193 |   460 |   245 ||  1088
         Repelled          |       |       |       |       |     4 |     5 ||     9
  Block: Buckler           |    12 |    24 |    98 |   189 |   264 |    57 ||   644
         Tower shield      |       |       |       |       |       |   116 ||   116

Table legend: (Time is in decaauts)
 A = Elapsed time spent in this place.
 B = Non-inter-level travel time spent in this place.
 C = Inter-level travel time spent in this place.
 D = Time resting spent in this place.
 E = Time spent auto-exploring this place.
 F = Levels seen in this place.
 G = Mean time per level.
                   A        B        C        D        E       F      G
               +--------+--------+--------+--------+--------+-----+--------+
         Total |  35445 |  33143 |   2302 |   2951 |  22517 |  26 | 1363.3 |
       Dungeon |  22060 |  20521 |   1539 |   1890 |  13908 |  15 | 1470.7 |
        Temple |    208 |    190 |     18 |      0 |    154 |   1 |  208.0 |
          Lair |  10189 |   9694 |    495 |    903 |   7016 |   5 | 2037.8 |
        Shoals |    166 |    166 |      0 |     68 |     34 |   1 |  166.0 |
  Orcish Mines |   2120 |   1903 |    217 |     31 |   1404 |   2 | 1060.0 |
   Elven Halls |    304 |    273 |     31 |     59 |      0 |   1 |  304.0 |
         Sewer |    396 |    396 |      0 |      0 |      0 |   1 |  396.0 |
               +--------+--------+--------+--------+--------+-----+--------+

Top non-repeatable levels by time:
  Lair:5: 2421 daAuts
     D:6: 2384 daAuts
     D:8: 2229 daAuts
  Lair:3: 2226 daAuts
  Lair:2: 2008 daAuts
  Lair:4: 1921 daAuts
    D:10: 1830 daAuts
    D:14: 1817 daAuts
    D:11: 1685 daAuts
     D:5: 1660 daAuts
  Lair:1: 1613 daAuts
     D:9: 1559 daAuts
     D:7: 1539 daAuts
     D:3: 1363 daAuts
    D:12: 1305 daAuts
